 Dungeon Crawl Stone Soup version 0.31.0-11-ge490571c62 (webtiles) character file.

Game seed: 5265528917888000361

525 Ekaitz the Apothecary (level 7, -4/45 HPs)
             Began as an Octopode Alchemist on Feb 2, 2024.
             Slain by an ogre
             ... wielding a +0 giant club
              (25 damage)
             ... on level 5 of the Dungeon.
             The game lasted 00:09:59 (4016 turns).

Ekaitz the Apothecary (Octopode Alchemist)          Turns: 4016, Time: 00:10:00

Health: -4/45      AC:  2    Str:  7    XL:     7   Next: 22%
Magic:  4/11       EV: 15    Int: 17    God:
Gold:   146        SH:  0    Dex: 21    Spells: 1/11 levels left

rFire   . . .        c - +2 dagger (venom)
rCold   + . .        (no shield)
rNeg    . . .        i - +1 hat
rPois   .            (no amulet)
rElec   .            b - +6 ring of dexterity
rCorr   .            r - ring of protection from cold
SInv    .            (no ring)
Will    .....        (no ring)
Stlth   ++++         (no ring)
HPRegen 0.27/turn    (no ring)
MPRegen 0.12/turn    (no ring)
                     (no ring)

%: no passive effects
@: very slightly contaminated
A: almost no armour, amphibious, 8 rings, camouflage 1, gelatinous body 1,
(nimble swimmer 1), tentacles
a: no special abilities


You were on level 5 of the Dungeon.
You visited 1 branch of the dungeon, and saw 5 of its levels.

You collected 168 gold pieces.
You spent 22 gold pieces at shops.

Inventory:

Hand Weapons
 c - a +2 dagger of venom (weapon)
 u - a +1 battleaxe of electrocution
Missiles
 l - 5 poisoned darts
Armour
 i - a +1 hat (worn)
 y - a +0 buckler
Magical Staves
 q - a staff of air
Jewellery
 b - a +6 ring of dexterity (left tentacle)
 r - a ring of protection from cold (right tentacle)
Talismans
 x - a storm talisman
Scrolls
 d - 8 scrolls of identify
 f - a scroll of brand weapon {unknown}
 j - 2 scrolls of poison {unknown}
 n - a scroll of amnesia {unknown}
 o - a scroll of teleportation {unknown}
 p - a scroll of immolation {unknown}
 t - 4 scrolls of fog {unknown}
 w - a scroll of enchant armour {unknown}
Potions
 a - a potion of magic
 e - a potion of cancellation {unknown}
 g - 2 potions of curing {unknown}
 h - a potion of might {unknown}
 k - 2 potions of invisibility {unknown}
 m - a potion of mutation {unknown}
 s - a potion of lignification {unknown}
 v - 2 potions of heal wounds {unknown}


   Skills:
 * Level 2.1 Fighting
 + Level 0.9 Short Blades
 * Level 3.6 Dodging
 + Level 4.5 Stealth
 * Level 0.3 Shields
 + Level 2.9 Spellcasting
 * Level 2.6 Conjurations
 * Level 2.0 Air Magic
 * Level 5.0 Alchemy


You had one spell level left.
You knew the following spells:

 Your Spells              Type           Power      Damage    Failure   Level
a - Sting                 Conj/Alch      60%        1d6       3%          1
b - Mercury Vapours       Alch/Air       28%        N/A       6%          2
c - Mephitic Cloud        Conj/Alch/Air  13%        N/A       14%         3
d - Olgreb's Toxic Radia  Alch           19%        N/A       22%         4

Your spell library contained the following spells:

 Spells                   Type           Power      Damage    Failure   Level
 Kiss of Death            Conj/Necr      24%        2d7       11%         1
 Static Discharge         Conj/Air       20%        3-4/arc   11%         2
 Momentum Strike          Conj/Tloc      12%        3d8       16%         2
 Blink                    Tloc           4%         N/A       26%         2
 Lesser Beckoning         Tloc           4%         N/A       26%         2
 Confusing Touch          Hex            2%         N/A       47%         3
 Gell's Gravitas          Tloc           2%         N/A       47%         3
 Teleport Other           Tloc           2%         N/A       47%         3
 Sticky Flame             Fire/Alch      10%        2d5       54%         4
 Airstrike                Air            4%         2d(1-17)  61%         4
 Summon Lightning Spire   Summ/Air       5%         N/A       75%         4
 Dispel Undead            Necr           2%         3d7       87%         4
 Dispersal                Tloc           1%         N/A       100%        6


Dungeon Overview and Level Annotations

Branches:
Dungeon (5/15)
 Temple: D:4-7

Altars:
Gozag
Uskayaw

Shops:
D:4 [[=[[   D:5 ?


Innate Abilities, Weirdness & Mutations

You cannot wear most types of armour.
You are amphibious.
You can wear up to eight rings at the same time.
Your skin changes colour to match your surroundings (Stealth+).
Your rubbery body absorbs attacks. (AC +1, EV +1)
((You are camouflaged when in or above water. (Stealth+)))
You have tentacles for arms and can constrict up to eight enemies at once.


Message History

Aiming: Mercury Vapours (safe; 6% risk of failure)
Press: ? - help, Dir - move target, f - ogre
Aim: an ogre, wielding a +0 giant club (chance to weaken: 75%)
You miscast Mercury Vapours.
You are very lightly contaminated with residual magic.
Nothing appears to happen.
Unknown command.
Casting: Mercury Vapours (safe; 6% risk of failure)
Confirm with . or Enter, or press ? or * to list all spells.
Aiming: Mercury Vapours (safe; 6% risk of failure)
Press: ? - help, Dir - move target, f/p - ogre
Aim: an ogre, wielding a +0 giant club (chance to weaken: 75%) Fumes of mercury billow around the ogre!
The ogre is poisoned.
The ogre looks weaker.
Unknown command.
You barely miss the ogre. The ogre completely misses you.
You hit the ogre.
The ogre looks even sicker.
The ogre is lightly wounded.
The ogre hits you with a +0 giant club!
Casting: Mercury Vapours (safe; 6% risk of failure)
Confirm with . or Enter, or press ? or * to list all spells.
Aiming: Mercury Vapours (safe; 6% risk of failure)
Press: ? - help, Dir - move target, f/p - ogre
Aim: an ogre, wielding a +0 giant club (lightly wounded, very poisoned, weak, chance to weaken: 75%) Fumes of mercury billow around the ogre!
The ogre looks as sick as possible!
Unknown command.
Casting: Mercury Vapours (safe; 6% risk of failure)
Confirm with . or Enter, or press ? or * to list all spells.
Aiming: Sting (safe; 3% risk of failure)
Press: ? - help, Shift-Dir - straight line, f/p - ogre
Aim: an ogre, wielding a +0 giant club (lightly wounded, extremely poisoned, weak, 88% to hit)
The sting hits the ogre.
The ogre looks as sick as possible!
The ogre is moderately wounded.
The ogre is no longer weakened.
The ogre hits you with a +0 giant club!!
The ogre attacks as it pursues you!
The ogre hits you with a +0 giant club!!
Ouch! That really hurt!
You die...

######### #.......#
#......$# #.).....#### .
###.......... #
..........# ##########
#....O..# ##.........
#....@..####..###....#
###..........†..(.#### .
.....########.##### .##
#####.# #.# ..# #>#
####.# #.# #.# #....# #.#
#.# #.#### #.#
#.#####.####### ###
#.#########.#............


You could see an ogre (extremely poisoned).

Vanquished Creatures
  A black bear (D:4)
  2 scorpions (D:4)
  3 bombardier beetles
  A sleepcap (D:5)
  An iguana (D:5)
  8 adders
  A white imp (D:5)
  A ribbon worm (D:3)
  5 dart slugs
  3 orcs
  9 bats
  6 endoplasms
  4 giant cockroaches
  9 goblins
  4 hobgoblins
  5 quokkas
  6 ball pythons
  4 frilled lizards
  8 kobolds
  4 rats (D:1)
85 creatures vanquished.

Notes
Turn   | Place    | Note
-------+----------+-------------------------------------------
     0 | D:1      | Ekaitz the Octopode Alchemist began the quest for the Orb.
     0 | D:1      | Reached XP level 1. HP: 11/11 MP: 3/3
   103 | D:1      | Reached XP level 2. HP: 15/18 MP: 5/5
   107 | D:1      | Learned a level 2 spell: Mercury Vapours
   448 | D:1      | Reached XP level 3. HP: 21/22 MP: 6/6
   455 | D:1      | Learned a level 3 spell: Mephitic Cloud
  1021 | D:2      | Found a faded altar of an unknown god.
  1729 | D:2      | Reached XP level 4. HP: 27/27 MP: 7/7
  2070 | D:3      | Reached skill level 4 in Alchemy
  2275 | D:3      | Noticed a +0 dagger
  2276 | D:3      | Noticed a +0 hand axe
  2323 | D:3      | Reached skill level 1 in Fighting
  2323 | D:3      | Reached skill level 1 in Air Magic
  2323 | D:3      | Reached XP level 5. HP: 33/33 MP: 8/8
  2336 | D:3      | Found a hide-covered altar of Uskayaw.
  2711 | D:4      | Found Bounwos's Antique Armour Emporium.
  2777 | D:4      | Found Zuison's Antique Armour Boutique.
  2966 | D:4      | Found Cotzus's Armour Emporium.
  3085 | D:4      | Reached XP level 6. HP: 37/38 MP: 5/10
  3199 | D:4      | Found Kigudik's Jewellery Boutique.
  3214 | D:4      | Found Nimol's Armour Boutique.
  3600 | D:5      | Entered Level 5 of the Dungeon
  3600 | D:5      | Noticed a black bear
  3641 | D:4      | Killed a black bear
  3826 | D:5      | Reached XP level 7. HP: 45/45 MP: 11/11
  3827 | D:5      | Found an opulent altar of Gozag.
  3896 | D:5      | Found Qiolom's Magic Scroll Emporium.
  3906 | D:5      | Bought a scroll of identify for 22 gold pieces
  3988 | D:5      | Reached skill level 5 in Alchemy
  3999 | D:5      | Learned a level 4 spell: Olgreb's Toxic Radiance
  4016 | D:5      | Slain by an ogre

Illustrated notes

Levels and vault maps discovered:
D:1:      kennysheep_arrival_forest, layout_basic, minmay_heptomino_w4
D:2:      layout_loops_corners, shapermc_ecumenical_altar_venn
D:3:      layout_rooms, dancing_weapons_uskayaw,
          nicolae_concentric_dashed_squares_wild
D:4:      layout_cave_pools, serial_shops,
          nicolae_shop_competitors_out_of_business, shop,
          nicolae_take_the_stairs, nicolae_shop_behind_doors, shop,
          chequers_serial_rivers_small_3, serial_bayou_lagoon_a
D:5:      layout_rooms, lemuel_tele_altar, serial_shops, shop,
          minmay_misc_feat_encased

Skill      XL: |  1  2  3  4  5  6  7 |
---------------+----------------------+-----
Stealth        | 3 4 |  4.5
Alchemy        | 4 5 |  5.0
Fighting       | 1 2 |  2.1
Air Magic      | 1 2 |  2.0
Dodging        | 3 |  3.6
Conjurations   | 2 |  2.6
Short Blades   | |  0.9
Shields        | |  0.3
Spellcasting   | |  2.9

Action                     |  1- 3 |  4- 6 |  7- 9 || total
---------------------------+-------+-------+-------++-------
  Melee: Dagger            |    51 |    43 |     9 ||   103
         Tentacles         |     9 |     8 |     2 ||    19
         Constrict         |    15 |     9 |     2 ||    26
         Unarmed           |     1 |       |       ||     1
         Punch             |       |       |     1 ||     1
   Cast: Sting             |    16 |    41 |     2 ||    59
         Mercury Vapours   |     6 |     7 |     3 ||    16
   Stab: Sleeping          |    10 |    12 |     4 ||    26
 Armour: Skin              |    39 |    22 |     4 ||    65
  Dodge: Dodged            |    48 |    49 |     2 ||    99
